AoeStats
← pollitorampa

Arabia

509167666Analyzed
4v4 RM · 5d ago on Sep 25, 2026· 33m 1s· 8 players
Game mode
Random Map
Map size
Large (8 player)
Population
200
Speed
Normal
Resources
Standard
Victory
Conquest
Starting age
Dark Age
Ending age
Imperial Age
RankedLock teamsTeams togetherTeam positionsShared explorationLock speedFull tech treeHidden civsTurbo modeCheats
Victory
Defeat
🇺🇸 Vietnamese · United States
1161
+15
🇫🇷 Mongols · France
1153
+15
🇫🇷 Italians · France
1110
+17
🇲🇽 Danes · Mexico
1099
+17
🇦🇷 Burgundians · Argentina
1207
-19
🇦🇷 Varangians · Argentina
1147
-17
🇦🇷 Koreans · Argentina
1141
-16
🇦🇷 Burmese · Argentina
1025
-12
LucasViola27
5:59 Loom
9:27 Feudal Age
10:13 Double-Bit Axe
13:51 Horse Collar
21:19 Castle Age
21:00 Wheelbarrow
21:15 Bloodlines
23:56 Scale Barding Armor
24:01 Forging
24:54 Bow Saw
25:31 Heavy Plow
26:34 Husbandry
27:49 Chain Barding Armor
Hesperial
7:10 Loom
9:22 Feudal Age
10:13 Double-Bit Axe
21:33 Bow Saw
21:07 Horse Collar
26:02 Castle Age
24:13 Gold Mining
25:57 Scale Barding Armor
26:48 Forging
26:09 Cavalier
26:49 Husbandry
27:39 Gold Shaft Mining
28:06 Two-Man Saw
27:23 Heavy Plow
pollitorampa
8:32 Loom
10:19 Feudal Age
12:39 Double-Bit Axe
19:47 Horse Collar
21:44 Fletching
24:20 Castle Age
24:31 Elite Skirmisher
26:20 Bodkin Arrow
Ludwig von Pato
10:35 Loom
12:20 Feudal Age
16:34 Castle Age
22:48 Fletching
29:21 Gold Mining
30:25 Horse Collar
31:49 Wheelbarrow
31:45 Forging
31:35 Scale Mail Armor
31:45 Squires
31:30 Arson
32:04 Town Watch
31:51 Pikeman
32:17 Arson
32:39 Heavy Plow
Queso Padre
6:27 Loom
9:02 Feudal Age
9:57 Double-Bit Axe
18:32 Fletching
24:01 Castle Age
25:37 Crossbowman
26:26 Stone Mining
26:29 Gold Mining
26:42 Bodkin Arrow
Iced0ux
9:12 Feudal Age
9:57 Loom
10:05 Double-Bit Axe
20:02 Castle Age
18:16 Gold Mining
19:17 Fletching
19:41 Bloodlines
20:59 Husbandry
20:58 Bodkin Arrow
23:54 Padded Archer Armor
26:10 Wheelbarrow
25:52 Bow Saw
27:45 Ballistics
26:52 Light Cavalry
LArcadia49
7:24 Loom
9:33 Feudal Age
12:46 Bloodlines
22:26 Castle Age
20:53 Forging
20:49 Scale Barding Armor
20:44 Double-Bit Axe
23:47 Iron Casting
23:38 Husbandry
23:00 Light Cavalry
25:57 Fletching
27:42 Gold Mining
27:54 Horse Collar
31:44 Wheelbarrow
SheepishBump670
4:22 Loom
12:01 Feudal Age
17:47 Castle Age
16:33 Double-Bit Axe
26:59 Wheelbarrow
26:29 Horse Collar
28:34 Gold Mining
28:35 Stone Mining
31:26 Scale Mail Armor
31:36 Forging
33:55 Chain Mail Armor
Connection lost

Rejoining the realm…

Still unreachable

The connection could not be restored.

Session expired

The server has moved on; the page needs a fresh start.